 Dungeon Sprint DCSS version 0.19.1 (webtiles) character file.

5102 equalderp2856 the Eviscerator (level 10, -7/49 HPs)
             Began as a Felid Fighter on Dec 3, 2016.
             Was a High Priest of Lugonu.
             Mangled by Agnes
             ... wielding a +0 lajatang of protection
              (22 damage)
             ... in the Dungeon (Sprint IX: "|||||||||||||||||||||||||||||").
             The game lasted 00:15:09 (6641 turns).

equalderp2856 the Eviscerator (Felid Fighter)       Turns: 6641, Time: 00:15:10

Health: -7/49      AC:  3    Str: 14    XL:     10   Next: 32%
Magic:  8/16       EV: 34    Int: 14    God:    Lugonu [*****.]
Gold:   1198       SH:  3    Dex: 20    Spells: 0 memorised, 9 levels left
                                        Lives:  0   Deaths: 3

rFire  . . .     SeeInvis +       - Unarmed
rCold  + . .     Gourm    .     (armour unavailable)
rNeg   . . .     Faith    .     (shield unavailable)
rPois  .         Spirit   .     (helmet unavailable)
rElec  .         Reflect  +     (cloak unavailable)
rCorr  .         Harm     .     (gloves unavailable)
MR     +....     NoTele   +     (boots unavailable)
Stlth  +++++++...               z - +3 amulet of reflection
                                o - +3 ring of dexterity
                                n - +3 ring of intelligence

@: studying Spellcasting, quick
A: no armour, no weapons or thrown items, stealth, claws 1, fangs 3, see
invisible, carnivore 3, speed 1, shaggy fur 3, slow metabolism 1, sharp paws
a: Bend Space, Banish, Corrupt, Renounce Religion


You were in the Dungeon.
You worshipped Lugonu.
Lugonu was extremely pleased with you.
You were not hungry.

You visited 1 branch You collected 1923 gold pieces.
You spent 725 gold pieces at shops.

Inventory:

Jewellery
 n - a +3 ring of intelligence (left paw)
 o - a +3 ring of dexterity (right paw)
 x - an uncursed ring of fire
 y - an uncursed ring of protection from cold
 z - a +3 amulet of reflection (around neck)
 A - an uncursed ring of poison resistance
Wands
 p - a wand of lightning (0/15)
 u - a wand of disintegration (0/24)
Scrolls
 d - 2 scrolls of recharging
 h - a scroll of blinking
 i - 5 scrolls of remove curse
 j - 3 scrolls of fog
 q - 2 scrolls of amnesia
 v - a scroll of magic mapping
Potions
 a - a potion of might
 c - 3 potions of cure mutation
 e - a potion of haste
 f - 4 potions of magic
 l - a potion of agility
 m - a potion of curing
 r - a potion of invisibility
Books
 w - a manual of Spellcasting
Miscellaneous
 k - a lamp of fire
Comestibles
 b - 12 meat rations
 t - a slice of pizza


   Skills:
 + Level 8.9 Fighting
 + Level 17.1 Dodging
 + Level 15.9 Stealth
 + Level 22.4 Unarmed Combat
 + Level 7.2 Evocations


You had 9 spell levels left.
You didn't know any spells.

Dungeon Overview and Level Annotations

Branches:
Dungeon (1/1)

Altars:
Cheibriados
Dithmenos
Elyvilon
Fedhas
Gozag
Hepliaklqana
Kikubaaqudgha
Makhleb
Nemelex Xobeh
Okawaru
Qazlal
Ru
Sif Muna
Trog
Uskayaw
Vehumet
Xom
Yredelemnul
Zin
The Shining One
Beogh
Jiyva
Lugonu

Shops:
D ?**(

Annotations:
D Agnes, Rupert


Innate Abilities, Weirdness & Mutations

You cannot wear armour.
You are incapable of wielding weapons or throwing items.
Your paws allow you to move quietly. (Stealth)
You have sharp claws.
You have razor-sharp teeth.
You have supernaturally acute eyesight. (SInv)
You are carnivorous and can eat meat at any time.
You cover ground quickly.
Your thick and shaggy fur keeps you warm. (AC +3, rC+)
You have a slow metabolism.
Your sharp claws are effective at attacking unaware monsters.


Message History

You fail to use your ability.
Press: ? - help, Shift-Dir - straight line, f/p - Agnes
Aim: Agnes, wielding a +0 lajatang of protection and wearing a robe (hasn't noticed you, chance to defeat MR: 16%) Agnes shouts!
Agnes resists with almost no effort.
You feel somewhat more hungry. Agnes completely misses you.
Press: ? - help, Shift-Dir - straight line, f/p - Agnes
Aim: Agnes, wielding a +0 lajatang of protection and wearing a robe (chance to defeat MR: 16%)
You fail to use your ability.
Agnes hits you with a +0 lajatang of protection!
Press: ? - help, Shift-Dir - straight line, f/p - Agnes
Aim: Agnes, wielding a +0 lajatang of protection and wearing a robe (chance to defeat MR: 16%) Agnes resists with almost no effort.
You feel somewhat more hungry. Agnes misses you.
Agnes hits you with a +0 lajatang of protection!!
Press: ? - help, Shift-Dir - straight line, f/p - Agnes
Aim: Agnes, wielding a +0 lajatang of protection and wearing a robe (chance to defeat MR: 16%)
You fail to use your ability.
Agnes hits you with a +0 lajatang of protection!!
You die...

▓.▓
▓)▓.▓.▓.▓.▓.▓_▓
▓.▓
▓)▓.▓.▓.▓'▓.▓_▓
▓.▓
▓)▓.▓.▓.▓.▓.▓_▓
▓.▓
▓)▓.▓)▓.▓.▓.▓_▓
▓.▓
▓)▓.▓.▓.▓.▓.▓_▓
▓.▓
▓)▓.▓.▓.▓.▓.▓_▓
▓.▓
▓)▓.▓.▓.▓.▓.▓'▓
▓.▓
▓i▓.▓)▓)▓[▓.▓.▓
▓.▓
▓@▓.▓)▓.▓.▓.▓.▓
▓.▓
▓.▓.▓'▓.▓%▓.▓.▓
▓.▓.▓
▓†▓.▓.▓)▓.▓.▓.▓
▓.▓.▓
▓.▓.▓.▓.▓.▓.▓.▓
▓.▓.▓
▓.▓.▓)▓.▓.▓.▓'▓
▓.▓.▓
▓'▓.▓)▓)▓.▓.▓.▓
▓.▓.▓
▓.▓.▓)▓.▓.▓.▓.▓
▓.▓.▓
▓.▓.▓)▓)▓'▓.▓.▓
▓.▓.▓
▓.▓.▓.▓.▓.▓.▓)▓


You could see Agnes.

Vanquished Creatures
  3 very ugly things (D)
  2 hydras (D)
  Erica (D)
  A deep troll earth mage (D)
  A vampire mage (D)
  Urug (D)
  A skeletal warrior (D)
  A wizard (D)
  A wolf spider (D)
  An orc knight (D)
  5 orc sorcerers (D)
  An ugly thing (D)
  A wolf spider (shapeshifter) (D)
  Joseph (D)
  Psyche (D)
  3 spiny frogs (D)
  A gargoyle (D)
  A meliai (shapeshifter) (D)
  A tyrant leech (D)
  A tengu conjurer (D)
  A jumping spider (shapeshifter) (D)
  2 trolls (D)
  2 blink frogs (D)
  3 hippogriffs (D)
  A yak (D)
  A mottled dragon (D)
  4 vampire mosquitoes (D)
  2 water moccasins (D)
  A porcupine (D)
  11 orc warriors (D)
  An ice beast (D)
  A sky beast (D)
  An ogre (D)
  A black bear (D)
  A crocodile (D)
  6 bullfrogs (D)
  A big kobold (D)
  A gnoll sergeant (D)
  A wight (D)
  A crimson imp (D)
  2 hounds (D)
  4 orc priests (D)
  10 orc wizards (D)
  2 adders (D)
  An ooze (D)
  An adder zombie (D)
  8 orcs (D)
  A giant cockroach (D)
  A goblin (D)
  A frilled lizard (D)
  A leopard gecko skeleton (D)
  A rat (D)
105 creatures vanquished.

Vanquished Creatures (others)
  A spatial maelstrom (D)
1 creature vanquished.

Grand Total: 106 creatures vanquished

Notes
Turn   | Place    | Note
-------+----------+-------------------------------------------
     0 | D        | equalderp2856 the Felid Fighter began the quest for the Orb.
     0 | D        | Reached XP level 1. HP: 10/10 MP: 2/2
    16 | D        | Reached skill level 1 in Stealth
    16 | D        | Reached skill level 5 in Unarmed Combat
    16 | D        | Reached XP level 2. HP: 13/14 MP: 3/3
    34 | D        | Banished a spatial maelstrom
    47 | D        | Noticed a gnoll sergeant
    51 | D        | Reached skill level 5 in Dodging
    51 | D        | Reached skill level 6 in Unarmed Combat
    51 | D        | Reached XP level 3. HP: 17/18 MP: 4/4
    56 | D        | Reached XP level 4. HP: 10/22 MP: 5/5
    57 | D        | Reached skill level 7 in Unarmed Combat
    59 | D        | HP: 1/22 [gnoll sergeant/spear (9)]
    81 | D        | Slain by a gnoll sergeant
    82 | D        | Reached XP level 3. HP: -3/18 MP: 4/4
   195 | D        | Noticed a mottled dragon
   195 | D        | Noticed a green ugly thing
   195 | D        | Noticed an ogre
   195 | D        | Noticed a troll
   197 | D        | Killed a mottled dragon
   197 | D        | Reached skill level 5 in Fighting
   197 | D        | Reached skill level 9 in Unarmed Combat
   197 | D        | Reached XP level 4. HP: 24/24 MP: 5/5
   197 | D        | Reached XP level 5. HP: 27/27 MP: 6/6
   205 | D        | Killed an ogre
   205 | D        | Reached skill level 5 in Stealth
   206 | D        | Killed a troll
   206 | D        | Reached skill level 11 in Unarmed Combat
   206 | D        | Reached skill level 1 in Evocations
   206 | D        | Gained mutation: You are covered in thick fur. (AC +2) [Felid growth]
   206 | D        | Reached XP level 6. HP: 31/31 MP: 7/7
   210 | D        | Killed a green ugly thing
   210 | D        | Reached skill level 10 in Dodging
   210 | D        | Reached skill level 12 in Unarmed Combat
   210 | D        | Reached XP level 7. HP: 33/36 MP: 7/9
   329 | D        | Noticed a troll
   329 | D        | Noticed a gargoyle
   331 | D        | Killed a troll
   331 | D        | Reached XP level 8. HP: 40/40 MP: 10/10
   339 | D        | Reached skill level 10 in Stealth
   339 | D        | Reached skill level 13 in Unarmed Combat
   351 | D        | Killed a gargoyle
   428 | D        | Found a glowing golden altar of the Shining One.
   428 | D        | Found a glowing silver altar of Zin.
   428 | D        | Found a basalt altar of Yredelemnul.
   428 | D        | Found a shimmering altar of Xom.
   428 | D        | Found a radiant altar of Vehumet.
   429 | D        | Found a hide-covered altar of Uskayaw.
   430 | D        | Found a bloodstained altar of Trog.
   431 | D        | Found a deep blue altar of Sif Muna.
   432 | D        | Found a sacrificial altar of Ru.
   433 | D        | Found a stormy altar of Qazlal.
   434 | D        | Found an iron altar of Okawaru.
   435 | D        | Found a sparkling altar of Nemelex Xobeh.
   436 | D        | Found a burning altar of Makhleb.
   437 | D        | Found a corrupted altar of Lugonu.
   438 | D        | Found an ancient bone altar of Kikubaaqudgha.
   439 | D        | Found a viscous altar of Jiyva.
   440 | D        | Found a hazy altar of Hepliaklqana.
   441 | D        | Found an opulent altar of Gozag.
   442 | D        | Found a blossoming altar of Fedhas.
   443 | D        | Found a white marble altar of Elyvilon.
   444 | D        | Found a shadowy altar of Dithmenos.
   445 | D        | Found a snail-covered altar of Cheibriados.
   446 | D        | Found a roughly hewn altar of Beogh.
   643 | D        | Noticed a spiny frog
   643 | D        | Noticed a hippogriff
   646 | D        | Reached skill level 14 in Unarmed Combat
   649 | D        | Noticed a blink frog
   931 | D        | Killed a spiny frog
   931 | D        | Reached XP level 9. HP: 35/44 MP: 11/11
  1042 | D        | Reached skill level 15 in Unarmed Combat
  1148 | D        | Noticed a four-headed hydra
  1157 | D        | Noticed an eight-headed hydra
  1169 | D        | Reached skill level 16 in Unarmed Combat
  1171 | D        | Killed a four-headed hydra
  1171 | D        | Reached XP level 10. HP: 6/48 MP: 11/13
  1175 | D        | Killed an eight-headed hydra
  1175 | D        | Reached skill level 17 in Unarmed Combat
  1459 | D        | Noticed a spiny frog
  1459 | D        | Noticed a spiny frog
  1477 | D        | Killed a spiny frog
  1479 | D        | HP: 1/48 [spiny frog (24)]
  1811 | D        | Killed a spiny frog
  1822 | D        | Reached skill level 18 in Unarmed Combat
  2070 | D        | Noticed Urug
  2077 | D        | Killed Urug
  2084 | D        | Noticed Joseph
  2101 | D        | Killed Joseph
  2101 | D        | Reached skill level 15 in Dodging
  2233 | D        | Noticed Psyche
  2242 | D        | Killed Psyche
  2309 | D        | Noticed an orc knight
  3499 | D        | Killed an orc knight
  3499 | D        | Reached skill level 19 in Unarmed Combat
  3499 | D        | Reached XP level 11. HP: 31/52 MP: 15/15
  4402 | D        | Found Niuj's Antique Weapon Boutique.
  4402 | D        | Noticed an orc sorcerer
  4402 | D        | Noticed an orc sorcerer
  4402 | D        | Noticed an orc sorcerer
  4403 | D        | Noticed a sixfirhy
  4403 | D        | Noticed an orc sorcerer
  4405 | D        | Killed an orc sorcerer
  4405 | D        | Reached skill level 5 in Evocations
  4406 | D        | Noticed a sun demon
  4407 | D        | Killed an orc sorcerer
  4408 | D        | Killed an orc sorcerer
  4408 | D        | Reached skill level 20 in Unarmed Combat
  4443 | D        | Killed an orc sorcerer
  4461 | D        | Noticed an orc sorcerer
  4464 | D        | Found Obbea's General Store.
  4466 | D        | Found Feowemy's General Store.
  4471 | D        | Killed an orc sorcerer
  4475 | D        | Found Cyus's Magic Scroll Shop.
  4785 | D        | Bought a scroll of magic mapping for 49 gold pieces
  4795 | D        | Bought a scroll of acquirement for 676 gold pieces
  5154 | D        | Became a worshipper of Lugonu the Unformed
  5154 | D        | Reached * piety under Lugonu
  5473 | D        | Noticed Erica
  5478 | D        | Killed Erica
  5601 | D        | Noticed a wolf spider
  5601 | D        | Noticed a wizard
  5605 | D        | Reached ** piety under Lugonu
  5606 | D        | Noticed a skeletal warrior
  5611 | D        | Noticed a brown very ugly thing
  5612 | D        | Killed a wizard
  5612 | D        | Reached skill level 15 in Stealth
  5638 | D        | HP: 2/52 [wolf spider (9)]
  5641 | D        | Killed a wolf spider
  5641 | D        | Reached skill level 21 in Unarmed Combat
  5840 | D        | Reached *** piety under Lugonu
  5873 | D        | Killed a skeletal warrior
  6053 | D        | Noticed a deep troll earth mage
  6064 | D        | Killed a deep troll earth mage
  6065 | D        | Reached **** piety under Lugonu
  6109 | D        | Noticed a green very ugly thing
  6110 | D        | Noticed a cyan very ugly thing
  6111 | D        | Noticed a wolf spider
  6112 | D        | Noticed a vampire mage
  6125 | D        | Killed a cyan very ugly thing
  6125 | D        | Gained mutation: Your thick and shaggy fur keeps you warm. (AC +3, rC+) [Felid growth]
  6125 | D        | Reached XP level 12. HP: 32/56 MP: 18/18
  6135 | D        | Killed a vampire mage
  6135 | D        | Reached ***** piety under Lugonu
  6135 | D        | Reached skill level 22 in Unarmed Combat
  6137 | D        | Killed a green very ugly thing
  6140 | D        | Killed a green very ugly thing
  6365 | D        | Noticed Agnes
  6466 | D        | Demolished by Agnes
  6467 | D        | Reached XP level 11. HP: -17/78 MP: 17/17
  6510 | D        | Noticed Rupert
  6514 | D        | Paralysed by Rupert for 7 turns
  6518 | D        | Annihilated by Rupert
  6519 | D        | Reached XP level 10. HP: -23/49 MP: 16/16
  6641 | D        | Mangled by Agnes

Skill      XL: |  1  2  3  4  5  6  7  8  9 10 11 12 |
---------------+-------------------------------------+-----
Stealth        | 1 2 4 3 7 9 11 13 15 | 15.9
Unarmed Combat | 5 6 9 7 11 12 14 16 19 21 22 | 22.4
Fighting       | 4 5 6 7 8 |  8.9
Dodging        | 5 8 9 10 11 12 13 15 16 17 | 17.1
Evocations     | 1 2 3 4 6 7 |  7.2

Action                   |  1- 3 |  4- 6 |  7- 9 | 10-12 || total
-------------------------+-------+-------+-------+-------++-------
Melee: Unarmed           |    19 |    20 |    90 |   242 ||   371
       Bite              |     1 |     1 |    11 |    31 ||    44
       Punch             |     1 |     1 |     6 |    30 ||    38
Invok: Banish            |       |       |       |     2 ||     2
Evoke: Lamp of fire      |       |     1 |     1 |     3 ||     5
       Wand              |       |       |       |     7 ||     7
  Use: Potion            |       |     2 |     1 |    11 ||    14
       Scroll            |       |       |       |     3 ||     3
 Stab: Sleeping          |     3 |     1 |     1 |     1 ||     6
       Distracted        |       |       |     1 |     3 ||     4
  Eat: Chunk             |     1 |       |       |       ||     1
       Meat ration       |       |       |       |     2 ||     2
Armor: Skin              |       |       |     2 |     1 ||     3
Dodge: Dodged            |    11 |    15 |    78 |   136 ||   240
Block: Other             |       |       |       |     8 ||     8
